 Dungeon Crawl Stone Soup version 0.18.1-48-g4cf74bf (webtiles) character file.

3962 kobby the Cleaver (level 10, -4/88 HPs)
             Began as a Hill Orc Fighter on July 12, 2016.
             Was a Believer of Beogh.
             Slain by an orc warrior
             ... wielding a +0 trident
              (14 damage)
             ... on level 9 of the Dungeon.
             The game lasted 00:18:47 (7341 turns).

kobby the Cleaver (Hill Orc Fighter)                Turns: 7341, Time: 00:18:47

Health: -4/88      AC: 12    Str: 23    XL:     10   Next: 22%
Magic:  10/10      EV: 12    Int:  8    God:    Beogh [**....]
Gold:   407        SH: 12    Dex: 10    Spells: 0 memorised, 9 levels left

rFire  + . .     SeeInvis .     a - +0 war axe
rCold  . . .     Gourm    .     k - +1 ring mail {rF+}
rNeg   . . .     Faith    .     c - +0 shield
rPois  .         Spirit   .     (no helmet)
rElec  .         Dismiss  .     h - +0 cloak
rCorr  .         Reflect  .     e - +2 pair of gloves
SustAt .         Harm     .     (no boots)
MR     .....                    (no amulet)
Stlth  +.........               (no ring)
                                (no ring)

@: lethally poisoned (-4 -> -4), not resistant to hostile enchantments, very
unstealthy
A: no striking features
a: Smiting, Renounce Religion


You were on level 9 of the Dungeon.
You worshipped Beogh.
Beogh was pleased with you.
You were not hungry.

You visited 2 branches of the dungeon, and saw 10 of its levels.

You collected 407 gold pieces.

Inventory:

Hand Weapons
 a - a +0 war axe (weapon)
 v - a +0 long sword of freezing
 w - a +3 hand axe
Armour
 b - a +0 scale mail
 c - a +0 shield (worn)
 e - a +2 pair of gloves (worn)
 h - a +0 cloak (worn)
 k - a +1 ring mail of fire resistance (worn)
Jewellery
 j - an uncursed ring of flight
 q - a +4 ring of intelligence
 u - a cursed ring of teleportation
Wands
 g - a wand of enslavement (1/24)
 x - a wand of acid (14/15)
 B - a wand of flame (27/48)
Scrolls
 n - a scroll of teleportation
 p - a scroll of remove curse
 t - 2 scrolls of amnesia {unknown}
 y - a scroll of magic mapping
 A - 2 scrolls of identify
Potions
 d - 2 potions of might
 i - 2 potions of lignification
 l - a potion of haste {unknown}
 m - 4 potions of curing {unknown}
 o - 2 potions of flight {unknown}
 s - a potion of degeneration {unknown}
 z - a potion of heal wounds
 E - a potion of invisibility {unknown}
Books
 D - a book of Enchantments

   Spells                             Type                      Level
   a - Cause Fear                     Hexes                        4
   b - Yara's Violent Unravelling     Hexes/Transmutation          5
   c - Silence                        Hexes/Air                    5
   d - Deflect Missiles               Charms/Air                   6
   e - Haste                          Charms                       6
   f - Discord                        Hexes                        8
Comestibles
 f - 4 bread rations
 r - 3 beef jerkies
 C - 7 slices of pizza


   Skills:
 + Level 7.7 Fighting
 + Level 9.7 Axes
 + Level 6.4 Armour
 + Level 5.9 Dodging
 + Level 0.6 Stealth
 + Level 8.2 Shields


You had 9 spell levels left.
You didn't know any spells.

Dungeon Overview and Level Annotations

Branches:
Dungeon (9/15)             Temple (1/1) D:7
   Lair: D:8-11         Orc: D:9-12

Altars:
Ashenzari
Cheibriados
Dithmenos
Elyvilon
Fedhas
Gozag
Kikubaaqudgha
Nemelex Xobeh
Okawaru
Pakellas
Qazlal
Ru
Sif Muna
Trog
Xom
Yredelemnul
Zin
The Shining One

Shops:
D:4 !   D:6 :

Annotations:
D:5 Prince Ribbit


Message History

You block the wight's attack.
You barely miss the wight.
The wight is moderately damaged.
You block the orc warrior's attack.
You slash the wight!
You destroy the wight!
Beogh accepts your kill. The orc warrior barely misses you.
The orc warrior hits you but does no damage.
Things that are here:
a flail of freezing; a robe; a wand of acid {zapped: 2} Evoke which item? (* to show all) (? for menu, Esc to quit)
Zapping:
x - a wand of acid (15/15)
Press: ? - help, Shift-Dir - straight line, f - orc warrior
Aim: an orc warrior, wielding a trident and wearing a chain mail The bolt of acid hits the orc warrior.
The orc warrior is moderately wounded.
The bolt of acid misses the orc.
This wand has 14 charges left.
You feel sick.
The orc warrior hits you with a trident!
You die...

#. . z# #..##{##.#
#....a#..####..
#....o†.#...... . #(..#
#...####.##
#######......oo#
#..^..#...####o# #####.#
#@# #.# #)# #.# #.# ### #.#
#.# ##.## #.# #.#
##########..'. #.########.#
#...........#.
#.......##.###.############
#######.##...†.........###.
#........##.#######...#.


You could see an orc warrior and 2 orcs.

Vanquished Creatures
  A troll (D:9)
  A human (D:9)
  A hog (D:9)
  2 hippogriffs (D:7)
  Menkaure (D:5)
  A warg (D:9)
  An orc warrior (D:7)
  A sky beast (D:5)
  A black bear (D:8)
  4 ogres
  2 ice beasts
  A phantom (D:6)
  A centaur (D:9)
  An elf zombie (D:7)
  Blork the orc (D:5)
  2 giant frogs
  3 scorpions
  4 wights
  4 howler monkeys (D:7)
  2 crimson imps (D:5)
  4 human zombies (D:7)
  2 orc priests (D:7)
  7 hounds
  A centaur skeleton (D:7)
  Jessica (D:2)
  Ijyb (D:2)
  A human skeleton (D:7)
  4 iguanas
  4 orc wizards
  6 worker ants
  3 sheep (D:9)
  An ogre zombie (D:7)
  A hound zombie (D:9)
  An ogre skeleton (D:7)
  A hound skeleton (D:7)
  3 mummies (D:7)
  A worker ant zombie (D:7)
  10 adders
  A shadow imp (D:6)
  A white imp (D:7)
  2 oozes
  An adder skeleton (D:5)
  A worm (D:2)
  A dart slug (D:2)
  5 giant geckos
  28 orcs
  4 bats (D:1)
  4 giant cockroaches
  9 goblins
  5 hobgoblins
  7 jackals (D:5)
  4 quokkas
  A goblin skeleton (D:7)
  A goblin zombie (D:7)
  A hobgoblin zombie (D:7)
  4 kobolds
  A kobold skeleton (D:7)
  2 orc skeletons (D:7)
  An orc zombie (D:7)
  A quokka zombie (D:6)
  9 rats
  2 fungi (D:5)
183 creatures vanquished.

Vanquished Creatures (collateral kills)
  A scorpion (D:4)
1 creature vanquished.

Vanquished Creatures (others)
  An orc priest (D:7)
  2 orcs (D:7)
  A plant (D:9)
4 creatures vanquished.

Grand Total: 188 creatures vanquished

Notes
Turn   | Place    | Note
--------------------------------------------------------------
     0 | D:1      | kobby the Hill Orc Fighter began the quest for the Orb.
     0 | D:1      | Reached XP level 1. HP: 19/19 MP: 1/1
    74 | D:1      | Reached XP level 2. HP: 21/27 MP: 2/2
   584 | D:2      | Found an oddly glowing altar of Pakellas.
   622 | D:2      | Reached skill level 3 in Axes
   657 | D:2      | Reached XP level 3. HP: 8/33 MP: 3/3
   899 | D:2      | Noticed Jessica
   910 | D:2      | Killed Jessica
   910 | D:2      | Reached skill level 1 in Dodging
   910 | D:2      | Reached XP level 4. HP: 39/40 MP: 4/4
   930 | D:2      | Noticed Ijyb
   942 | D:2      | Killed Ijyb
  1162 | D:2      | Reached XP level 5. HP: 44/46 MP: 5/5
  1522 | D:3      | Found a stormy altar of Qazlal.
  1893 | D:4      | Noticed an ogre
  1926 | D:4      | Killed an ogre
  1926 | D:4      | Reached skill level 4 in Axes
  1926 | D:4      | Reached XP level 6. HP: 53/53 MP: 6/6
  2303 | D:4      | Found a shadowy altar of Dithmenos.
  2435 | D:4      | Found an iron altar of Okawaru.
  2660 | D:4      | Found Picosuip's Distillery.
  2799 | D:5      | Entered Level 5 of the Dungeon
  2831 | D:5      | Reached XP level 7. HP: 56/60 MP: 7/7
  2941 | D:5      | Reached skill level 5 in Shields
  3035 | D:5      | Noticed Blork the orc
  3057 | D:5      | Killed Blork the orc
  3057 | D:5      | Reached skill level 5 in Axes
  3250 | D:5      | Found a sacrificial altar of Ru.
  3254 | D:5      | Noticed Menkaure
  3264 | D:5      | Killed Menkaure
  3264 | D:5      | Reached skill level 5 in Fighting
  3272 | D:5      | Reached skill level 5 in Armour
  3388 | D:5      | Found a white marble altar of Elyvilon.
  3477 | D:5      | Noticed Prince Ribbit
  3513 | D:5      | Reached XP level 8. HP: 32/69 MP: 8/8
  3695 | D:5      | Found a blossoming altar of Fedhas.
  3832 | D:5      | Reached skill level 6 in Axes
  4250 | D:6      | Found Pevogg's Book Shop.
  4920 | D:7      | Became a worshipper of Beogh the Brigand
  5070 | D:7      | Reached skill level 7 in Axes
  5163 | D:7      | Found a glowing golden altar of the Shining One.
  5170 | D:7      | Reached XP level 9. HP: 75/75 MP: 9/9
  5176 | D:7      | Reached * piety under Beogh
  5192 | D:7      | Found a staircase to the Ecumenical Temple.
  5213 | Temple   | Entered the Ecumenical Temple
  5852 | D:7      | Reached skill level 5 in Dodging
  5881 | D:7      | Reached skill level 8 in Axes
  6029 | D:7      | Found an ancient bone altar of Kikubaaqudgha.
  6313 | D:8      | Found a basalt altar of Yredelemnul.
  6634 | D:8      | Reached skill level 9 in Axes
  6855 | D:9      | Found an opulent altar of Gozag.
  6915 | D:9      | Noticed a troll
  6929 | D:9      | Killed a troll
  6939 | D:9      | Reached ** piety under Beogh
  6939 | D:9      | Reached XP level 10. HP: 46/86 MP: 10/10
  7341 | D:9      | Slain by an orc warrior

Skill      XL: |  1  2  3  4  5  6  7  8  9 10 |
---------------+-------------------------------+-----
Fighting       | 4 5 6 7 |  7.7
Axes           | 3 4 5 7 9 |  9.7
Dodging        | 1 2 3 4 5 |  5.9
Shields        | 4 5 6 7 8 |  8.2
Armour         | 4 5 6 |  6.4
Stealth        | |  0.6

Action                   |  1- 3 |  4- 6 |  7- 9 | 10-12 || total
-------------------------+-------+-------+-------+-------++-------
Melee: War axe           |    81 |   188 |   555 |    63 ||   887
Invok: Convert to Beogh  |       |       |     1 |       ||     1
Evoke: Wand              |       |     1 |       |     1 ||     2
  Use: Scroll            |     2 |     2 |    10 |       ||    14
       Potion            |       |       |     1 |       ||     1
  Eat: Fruit             |     5 |       |       |       ||     5
       Meat ration       |       |     1 |       |       ||     1
       Royal jelly       |       |       |     2 |       ||     2
       Bread ration      |       |       |     1 |     1 ||     2
       Pizza             |       |       |     1 |     1 ||     2
Armor: Scale mail        |    13 |       |       |       ||    13
       Ring mail         |    14 |    92 |   202 |    17 ||   325
       Skin              |       |       |     5 |       ||     5
Dodge: Dodged            |    26 |    88 |   215 |    15 ||   344
Block: Shield            |    37 |   103 |   330 |    33 ||   503
